 Dungeon Crawl Stone Soup version 0.32-a0-314-g526f7d4993 (webtiles) character file.

Game seed: 7545268150742321201

24194 Alfgan3 the Cruncher (level 13, -5/142 (144) HPs)
             Began as an Oni Berserker on Feb 16, 2024.
             Was the Champion of Trog.
             Slain by a shard shrike zombie (7 damage)
             ... on level 2 of the Abyss.
             The game lasted 01:44:53 (13977 turns).

Alfgan3 the Cruncher (Oni Berserker)               Turns: 13977, Time: 01:44:54

HP:   -5/142 (144)  AC: 17    Str: 32    XL:     13   Next: 11%
MP:   0/13          EV: 11    Int:  8    God:    Trog [******]
Gold: 1475          SH:  0    Dex:  8    Spells: 12/12 levels left

rFire   + + .        E - +8 quarterstaff "Plog" {flame, rF+ rC- rCorr Str+4}
rCold   x . .        (shield currently unavailable)
rNeg    . . .        v - +6 acid dragon scales
rPois   .            (helmet restricted)
rElec   .            m - +2 cloak
rCorr   +            (gloves unavailable)
SInv    .            (boots unavailable)
Will    +....        c - amulet of guardian spirit
Stlth   ++           s - ring of fire
HPRegen 0.43/turn    l - ring of protection from cold
MPRegen 0.13/turn

%: guardian spirit
@: lightly drained
A: large, unfitting armour, horns 1, tough skin 1, double potion healing,
drunken brawling
a: Renounce Religion, Berserk, Trog's Hand, Brothers in Arms


You were on level 2 of the Abyss.
You worshipped Trog.
Trog was exalted by your worship.
You visited 2 branches of the dungeon, and saw 13 of its levels.
You visited the Abyss 1 time.
You also visited: Ossuary.

You collected 1531 gold pieces.
You spent 56 gold pieces at shops.

Inventory:

Hand Weapons
 d - a +3 quarterstaff of protection
 q - a +1 whip of flaming
 r - a +4 flail of protection
 t - the +2 quarterstaff "Varchan" {heavy, rPois}
   (Trog gifted it to you on level 1 of the Orcish Mines)

   rPois:     It protects you from poison
 u - a +1 heavy scimitar
 B - a +4 trident of draining
 E - the +8 quarterstaff "Plog" (weapon) {flame, rF+ rC- rCorr Str+4}
   (Trog gifted it to you on level 7 of the Dungeon)

   Str+4:     It affects your strength (+4).
   rF+:       It protects you from fire.
   rC-:       It makes you vulnerable to cold.
   rCorr:     It protects you from acid and corrosion.
 O - a +2 scimitar of flaming
 S - a +4 lajatang of flaming
Armour
 b - a +0 animal skin
 m - a +2 cloak (worn)
 v - +6 acid dragon scales (worn)
 C - an orb of guile
 Q - a +0 pair of boots
Jewellery
 c - an amulet of guardian spirit (around neck)
 g - an amulet of guardian spirit
 h - a ring of protection from cold
 k - a ring of wizardry
 l - a ring of protection from cold (right hand)
 s - a ring of fire (left hand)
 P - a ring of resist corrosion
 R - a ring of poison resistance
Wands
 i - a wand of mindburst (5)
 n - a wand of charming (5)
 K - a wand of flame (27)
 N - a wand of light (7)
Scrolls
 a - 2 scrolls of fear
 e - a scroll of torment
 f - 2 scrolls of revelation
 o - a scroll of teleportation
 w - a scroll of vulnerability
 z - 8 scrolls of identify
 G - 5 scrolls of fog
 J - a scroll of immolation
 M - a scroll of silence
Potions
 j - 2 potions of resistance
 p - a potion of might
 A - a potion of magic
 D - 3 potions of degeneration
 F - 2 potions of attraction
 H - a potion of mutation
 I - 2 potions of brilliance


   Skills:
 + Level 13.3 Fighting
 + Level 4.6 Axes
 + Level 14.3 Staves
 + Level 6.0 Armour
 + Level 9.4 Dodging
 + Level 3.5 Stealth


You had 12 spell levels left.
You didn't know any spells.
Your spell library contained the following spells:

 Spells                   Type           Power      Damage    Failure   Level
 Magic Dart               Conj           0%         1d3       45%         1
 Shock                    Conj/Air       0%         1d3       45%         1
 Lesser Beckoning         Tloc           0%         N/A       58%         2
 Searing Ray              Conj           0%         2d4       58%         2
 Frozen Ramparts          Ice            0%         1d1       83%         3
 Gell's Gravitas          Tloc           0%         N/A       83%         3
 Swiftness                Air            0%         N/A       83%         3
 Teleport Other           Tloc           0%         N/A       83%         3
 Tukima's Dance           Hex            0%         N/A       83%         3
 Volatile Blastmotes      Fire/Tloc      0%         2d10      83%         3
 Airstrike                Air            0%         2d(0-16)  99%         4
 Dimensional Bullseye     Hex/Tloc       0%         N/A       99%         4
 Fulminant Prism          Conj/Alch      0%         3d5       99%         4
 Iskenderun's Mystic Bla  Conj/Tloc      0%         2d3       99%         4
 Leda's Liquefaction      Alch/Erth      0%         N/A       99%         4
 Petrify                  Alch/Erth      0%         N/A       99%         4
 Summon Blazeheart Golem  Fire/Summ      0%         N/A       99%         4
 Metabolic Englaciation   Hex/Ice        0%         N/A       100%        5
 Orb of Destruction       Conj           0%         9d5       100%        7
 Spellforged Servitor     Conj/Summ      0%         N/A       100%        7


Dungeon Overview and Level Annotations

Branches:
Dungeon (12/15)            Temple (0/1) D:5             Orc (1/2) D:11
Ossuary (visited)
   Lair: D:8-11

Altars:
Kikubaaqudgha
Makhleb
Ru
Xom
Yredelemnul
The Shining One
Beogh

Shops:
D:2 =   D:3 ?   D:6 (

Portals:
Trove: D:11 (give 7 potions of haste)

Annotations:
D:12 Sonja


Innate Abilities, Weirdness & Mutations

You are too large for most types of armour.
You have a pair of small horns on your head.
You have tough skin. (AC +1)
You gain doubled healing and magic from potions.
Whenever you drink a healing potion, you attack all around you.


Message History

You sock the raiju! You burn the raiju. Your headbutt misses the raiju.
The raiju is severely wounded.
The shard shrike zombie barely misses your sun demon.
Your sun demon hits the shard shrike zombie!
The shard shrike zombie is engulfed in flames!
The raiju misses you.
You closely miss the raiju. Your headbutt misses the raiju.
The raiju is severely wounded.
The shard shrike zombie claws your sun demon! x2
Your sun demon completely misses the shard shrike zombie.
Your large abomination hits the raiju!!
The raiju dies!
Trog accepts your kill.
The shard shrike zombie claws your sun demon!
The laughing skull lets out a vicious peal of laugher.
The bolt of negative energy misses you.
The shard shrike zombie closely misses your sun demon.
Your sun demon barely misses the shard shrike zombie.
The shard shrike zombie claws your sun demon!
Your sun demon dies!
Your sun demon dissolves into shadows!
You hear a hideous shriek!
The laughing skull cackles spitefully.
The bolt of negative energy hits you!
You feel drained.
* * * LOW HITPOINT WARNING * * *
Your large abomination barely misses the shard shrike zombie.
The shard shrike zombie closely misses you.
A small abomination comes into view.
The shard shrike zombie claws you but does no damage.
You thump the shard shrike zombie! You burn the shard shrike zombie.
Your headbutt misses the shard shrike zombie.
The shard shrike zombie is severely damaged.
The shard shrike zombie claws you.
* * * LOW HITPOINT WARNING * * *
The shard shrike zombie claws you but does no damage.
You hit the shard shrike zombie. You burn the shard shrike zombie.
You headbutt the shard shrike zombie!
The shard shrike zombie is almost destroyed.
The shard shrike zombie claws you!
You die...

.. . .#.. ..# # ##...#
. . # #. ..x.# .# # ##
## ....# #≈#. . ## #.
##...###≈### #
.....##............. #
#... #............. .
# ....##.#..........
.#
...#.....Z@..##.....##
........z####### ####
#........# . .
#...#..X##.. .#
#...#..........#
#...#.†.. ....#. .#.
## .#..#... # #~.#..#
z.. ......#.. #.#


You could see a small abomination, a laughing skull and a shard shrike zombie.

Vanquished Creatures
  A tentacled starspawn (Abyss:2)
  Azrael (D:12)
  A spriggan zombie (Abyss:2)
  A spriggan skeleton (Abyss:2)
  Erica (D:9)
  2 two-headed ogres (D:11)
  2 thrashing horrors (Abyss:2)
  Pikel (D:4)
  An orc knight (Orc:1)
  Joseph (D:7)
  An apocalypse crab (Abyss:2)
  6 kobold demonologists
  2 gargoyles
  Jeremiah (D:7)
  Maggie (D:6)
  5 trolls
  An ancient zyme (Abyss:2)
  Grinder (D:5)
  3 hornets
  2 raiju (Abyss:2)
  A harpy skeleton (Abyss:2)
  2 ynoxinuls (D:11)
  A shadow (D:12)
  10 yaks
  A vampire (D:9)
  A wyvern (D:9)
  Grum (D:11)
  A wraith (D:11)
  3 steam dragons
  A warg (Orc:1)
  2 vampire mosquitoes (D:12)
  Menkaure (Ossuary)
  Edmund (D:5)
  2 acid dragons
  2 hell hounds (D:12)
  14 orc warriors
  3 black bears
  A sky beast (D:6)
  2 ice beasts
  2 ogres
  A laughing skull (Abyss:2)
  6 small abominations (Abyss:2)
  3 wolves (D:11)
  4 centaurs
  4 lemures (D:4)
  8 kobold brigands
  2 bullfrogs
  4 scorpions
  3 wights (D:6)
  10 killer bees
  5 howler monkeys
  8 crimson imps (D:10)
  Crazy Yiuf (D:2)
  A hound (D:7)
  A gnoll bouda (D:5)
  A jelly (D:4)
  14 orc priests
  A sleepcap (D:4)
  18 orc wizards
  5 iguanas
  3 mummies (Ossuary)
  Robin (D:2)
  3 gnolls (D:5)
  11 adders
  2 shadow imps
  A white imp (D:6)
  2 ribbon worm zombies (D:7)
  11 ufetubi
  6 dart slugs
  2 ribbon worms
  64 orcs
  6 endoplasms
  5 giant cockroaches
  15 goblins
  7 hobgoblins
  12 jackals
  30 kobolds
  4 quokkas
  7 ball pythons
  3 bats (D:1)
  5 frilled lizards
  5 gnoll skeletons (Ossuary)
  3 gnoll zombies (Ossuary)
  5 goblin skeletons (Ossuary)
  6 goblin zombies (Ossuary)
  5 hobgoblin skeletons (Ossuary)
  2 hobgoblin zombies (Ossuary)
  2 kobold skeletons (Ossuary)
  3 kobold zombies (Ossuary)
  6 orc skeletons (Ossuary)
  8 orc zombies (Ossuary)
  6 rats
  2 rat skeletons (Ossuary)
  3 rat zombies (Ossuary)
443 creatures vanquished.

Vanquished Creatures (collateral kills)
  A raiju (Abyss:2)
  An acid dragon (D:12)
  3 hell hounds (D:12)
5 creatures vanquished.

Vanquished Creatures (others)
  An ancient zyme (Abyss:2)
  A fire elemental (D:12)
  An orc wizard (D:5)
  A jackal (D:3)
  A lurking horror (Abyss:2)
  2 starspawn tentacles (Abyss:2)
7 creatures vanquished.

Grand Total: 455 creatures vanquished

Notes
Turn   | Place    | Note
-------+----------+-------------------------------------------
     0 | D:1      | Alfgan3 the Oni Berserker began the quest for the Orb.
     0 | D:1      | Reached XP level 1. HP: 24/24 MP: 1/1
    63 | D:1      | Reached XP level 2. HP: 31/32 MP: 2/2
   323 | D:1      | Reached XP level 3. HP: 33/40 MP: 3/3
   489 | D:1      | Reached ** piety under Trog
   649 | D:1      | Reached XP level 4. HP: 48/49 MP: 4/4
  1030 | D:2      | Noticed Robin
  1141 | D:2      | Reached skill level 5 in Fighting
  1162 | D:2      | Found Fisigay's Jewellery Boutique.
  1170 | D:2      | Killed Robin
  1348 | D:2      | Found a shimmering altar of Xom.
  1751 | D:2      | Found a runed translucent door.
  1752 | D:2      | Noticed Crazy Yiuf
  1763 | D:2      | Killed Crazy Yiuf
  1764 | D:2      | Reached XP level 5. HP: 21/57 MP: 5/5
  2448 | D:3      | Noticed an eye of devastation
  2450 | D:3      | Found a faded altar of an unknown god.
  2452 | D:3      | Noticed a shining eye
  2454 | D:3      | Noticed a glass eye
  2454 | D:3      | Noticed a shining eye
  2842 | D:3      | Reached skill level 1 in Staves
  2842 | D:3      | Found The Oracle's Delphic Readings.
  2915 | D:3      | Bought a scroll of identify for 28 gold pieces
  2915 | D:3      | Bought a scroll of identify for 28 gold pieces
  2987 | D:3      | Reached *** piety under Trog
  3130 | D:3      | Reached XP level 6. HP: 66/66 MP: 6/6
  3503 | D:4      | Reached skill level 2 in Staves
  3667 | D:4      | Reached skill level 3 in Staves
  3796 | D:4      | Reached XP level 7. HP: 69/75 MP: 4/7
  4118 | D:5      | Entered Level 5 of the Dungeon
  4123 | D:5      | Noticed Pikel
  4255 | D:4      | Killed Pikel
  4256 | D:4      | Reached skill level 5 in Staves
  4256 | D:4      | Reached XP level 8. HP: 34/84 MP: 2/8
  4469 | D:5      | Noticed Edmund
  4484 | D:5      | Killed Edmund
  4485 | D:5      | Reached skill level 6 in Staves
  4485 | D:5      | Reached skill level 1 in Stealth
  4504 | D:5      | Found a staircase to the Ecumenical Temple.
  4601 | D:5      | Noticed Grinder
  4610 | D:5      | Reached skill level 7 in Staves
  4613 | D:5      | Reached skill level 5 in Dodging
  4628 | D:5      | Killed Grinder
  4629 | D:5      | Reached XP level 9. HP: 79/93 MP: 9/9
  5090 | D:6      | Reached skill level 8 in Staves
  5149 | D:6      | Noticed Maggie
  5163 | D:6      | Killed Maggie
  5208 | D:6      | Reached **** piety under Trog
  5407 | D:6      | Reached skill level 9 in Staves
  5482 | D:6      | Found Soladofi's Antique Weapon Emporium.
  5848 | D:6      | Reached skill level 1 in Armour
  6555 | D:7      | Found a glowing golden altar of the Shining One.
  6557 | D:7      | Found a sacrificial altar of Ru.
  6568 | D:7      | Noticed Jeremiah
  6635 | D:7      | Killed Jeremiah
  6636 | D:7      | Reached XP level 10. HP: 35/101 MP: 6/10
  6742 | D:7      | Noticed Joseph
  6772 | D:7      | Killed Joseph
  6813 | D:7      | Found a sand-covered staircase.
  6843 | Ossuary  | Entered an ossuary
  6923 | Ossuary  | Reached skill level 10 in Staves
  6940 | Ossuary  | Reached ***** piety under Trog
  7146 | Ossuary  | Noticed Menkaure
  7153 | Ossuary  | Killed Menkaure
  7298 | D:7      | Identified the +8 quarterstaff "Plog" {flame, rF+ rC- rCorr
                  | Str+4} (Trog gifted it to you on level 7 of the Dungeon)
  7298 | D:7      | Received a gift from Trog
  8359 | D:8      | Paralysed by a hornet for 2 turns
  8807 | D:8      | Found an ancient bone altar of Kikubaaqudgha.
  8807 | D:8      | Found a basalt altar of Yredelemnul.
  8807 | D:8      | Found a burning altar of Makhleb.
  8861 | D:8      | You fall into a shaft and drop 3 floors!
  8917 | D:11     | Noticed a gargoyle
  8925 | D:11     | Killed a gargoyle
  9013 | D:11     | Noticed a two-headed ogre
  9023 | D:11     | Reached skill level 11 in Staves
  9027 | D:11     | Killed a two-headed ogre
  9148 | D:11     | Found a portal to a secret trove of treasure.
  9266 | D:11     | Noticed a cyclops
  9288 | D:11     | Reached skill level 10 in Fighting
  9288 | D:11     | Reached XP level 11. HP: 73/117 MP: 6/11
  9472 | D:11     | Noticed a two-headed ogre
  9481 | D:11     | Killed a two-headed ogre
  9519 | D:11     | Noticed a sixfirhy
  9581 | D:11     | Noticed Grum
  9599 | D:11     | Killed Grum
  9711 | D:11     | Reached skill level 12 in Staves
  9928 | D:11     | Found a staircase to the Orcish Mines.
  9941 | Orc:1    | Entered Level 1 of the Orcish Mines
  9960 | Orc:1    | Identified the +2 quarterstaff "Varchan" {heavy, rPois}
                  | (Trog gifted it to you on level 1 of the Orcish Mines)
  9960 | Orc:1    | Received a gift from Trog
 10165 | Orc:1    | Noticed an orc knight
 10198 | Orc:1    | Killed an orc knight
 10282 | Orc:1    | Found a roughly hewn altar of Beogh.
 11110 | D:10     | Entered Level 10 of the Dungeon
 11507 | D:10     | Reached XP level 12. HP: 117/130 MP: 12/12
 11645 | D:10     | Reached skill level 13 in Staves
 11995 | D:9      | Noticed Erica
 12004 | D:9      | Killed Erica
 12005 | D:9      | Reached skill level 5 in Armour
 12086 | D:9      | Reached ****** piety under Trog
 12522 | D:9      | Received a gift from Trog
 13047 | D:12     | Noticed Azrael
 13069 | D:12     | Killed Azrael
 13407 | D:12     | Noticed Sonja
 13465 | Abyss:2  | Cast into level 2 of the Abyss (Sonja)
 13469 | Abyss:2  | Found a corrupted altar of Lugonu.
 13499 | Abyss:2  | Noticed a tentacled starspawn
 13517 | Abyss:2  | Killed a tentacled starspawn
 13558 | Abyss:2  | Reached skill level 14 in Staves
 13573 | Abyss:2  | Noticed a thrashing horror
 13588 | Abyss:2  | Killed a thrashing horror
 13758 | Abyss:2  | Noticed a thrashing horror
 13765 | Abyss:2  | Killed a thrashing horror
 13766 | Abyss:2  | Reached XP level 13. HP: 92/144 MP: 11/13
 13973 | Abyss:2  | HP: 3/142 [laughing skull/bolt of negative energy (8)]
 13977 | Abyss:2  | Slain by a shard shrike zombie

Illustrated notes

Levels and vault maps discovered:
D:1:      dpeg_arrival_simpleton_c, layout_basic, chequers_serial_rivers_room_b,
          minmay_tromino_v7
D:2:      layout_basic, basic_altar, serial_shops,
          nicolae_shop_tiny_statue_garden, grunt_decor_junction,
          minmay_small_reverse_x, uniq_crazy_yiuf_cottage, uniq_robin
D:3:      layout_loops_corners, hellmonk_ecumenical_altar_watching_god,
          nicolae_nh_oracle_at_delphi
D:4:      layout_basic
D:5:      layout_cave_pools, minmay_temple_entry_trees, uniq_edmund,
          uniq_grinder, uniq_pikel
D:6:      layout_cave_pods, serial_shops, shop, uniq_maggie
D:7:      layout_gridville, jmf_multi_god_temple, enter_ossuary_3,
          uniq_jeremiah, uniq_joseph
D:8:      layout_basic, gammafunk_temple_overflow_forgotten, david_lair_generic,
          serial_co_window_serial, co_window_paths_a, co_window_paths_b,
          co_window_corner_a, co_window_paths_b, co_window_paths_a,
          co_window_paths_c, co_window_broadway_b, co_window_unsneaky_path_d,
          co_window_unsneaky_path_b, co_window_paths_d, co_window_4corner_a,
          glass_columns_b, uniq_psyche
D:9:      layout_roguey, grunt_potential, uniq_erica
D:10:     layout_irregular_city, minmay_nine_imps
D:11:     layout_loops_ring, hiddenorc1_lemuel, trove_entry_hex_spiral,
          nicolae_fort_ynox, uniq_grum
D:12:     layout_irregular_city, uniq_josephine, uniq_sonja, uniq_azrael
Orc:1:    layout_caves, lightli_church_of_beogh
Abyss:2:  base: D:14, minivault_26, minivault_26, hangedman_stitches_earthworm,
          hangedman_abyss_exit_choices, lemuel_flamethrower_hall

Skill      XL: |  1  2  3  4  5  6  7  8  9 10 11 12 13 |
---------------+----------------------------------------+-----
Dodging        | 3 4 5 6 8 9 |  9.4
Axes           | 4 |  4.6
Fighting       | 5 6 7 8 10 11 13 | 13.3
Staves         | 1 3 5 7 9 11 12 14 | 14.3
Stealth        | 1 2 3 |  3.5
Armour         | 2 4 5 6 |  6.0

Action                     |  1- 3 |  4- 6 |  7- 9 | 10-12 | 13-15 || total
---------------------------+-------+-------+-------+-------+-------++-------
  Melee: Hand axe          |    69 |    51 |       |       |       ||   120
         Headbutt          |     7 |    19 |    48 |   123 |     6 ||   203
         Quarterstaff      |       |    90 |   245 |   668 |    34 ||  1037
    Use: Scroll            |     1 |     8 |    10 |    14 |     1 ||    34
         Potion            |     1 |     2 |     4 |     8 |       ||    15
   Stab: Distracted        |       |       |       |     3 |       ||     3
         Petrified         |       |       |       |     2 |       ||     2
         Petrifying        |       |       |       |     1 |       ||     1
 Armour: Animal skin       |    43 |   120 |   133 |       |       ||   296
         Acid dragon scale |       |       |   117 |   751 |    32 ||   900
  Dodge: Dodged            |    57 |    89 |   134 |   509 |    26 ||   815

Table legend: (Time is in decaauts)
 A = Elapsed time spent in this place.
 B = Non-inter-level travel time spent in this place.
 C = Inter-level travel time spent in this place.
 D = Time resting spent in this place.
 E = Time spent auto-exploring this place.
 F = Levels seen in this place.
 G = Mean time per level.
                   A        B        C        D        E       F      G
               +--------+--------+--------+--------+--------+-----+--------+
         Total |  13812 |  13790 |     22 |      0 |    122 |  15 |  920.8 |
       Dungeon |  12043 |  12021 |     22 |      0 |    122 |  12 | 1003.6 |
  Orcish Mines |    906 |    906 |      0 |      0 |      0 |   1 |  906.0 |
         Abyss |    481 |    481 |      0 |      0 |      0 |   1 |  481.0 |
       Ossuary |    381 |    381 |      0 |      0 |      0 |   1 |  381.0 |
               +--------+--------+--------+--------+--------+-----+--------+

Top non-repeatable levels by time:
     D:7: 1474 daAuts
    D:11: 1331 daAuts
     D:6: 1327 daAuts
     D:2: 1279 daAuts
     D:1: 1124 daAuts
     D:3: 1110 daAuts
     D:4: 922 daAuts
   Orc:1: 906 daAuts
     D:9: 858 daAuts
     D:5: 698 daAuts
    D:12: 689 daAuts
    D:10: 633 daAuts
     D:8: 593 daAuts
 Abyss:2: 481 daAuts
 Ossuary: 381 daAuts
